[Event "Titled Tuesday Blitz August 09 Early 2022"]
[White "Seliverstov, Vladimir"]
[Black "Yaksin, Oleg"]
[WhiteFideId "4192036"]
[BlackFideId "24105880"]
[WhiteElo "2868"]
[BlackElo "2675"]
[Result "1/2-1/2"]
[Round "03"]
[TimeControl "180+1"]
[Date "2022.08.09"]
[WhiteClock "0:00:44"]
[BlackClock "0:00:09"]

1. d4 Nf6 2. c4 e6 3. g3 d5 4. Bg2 dxc4 5. Qa4+ Bd7 6. Qxc4 Bc6 7. Nf3 Nbd7 8. Nc3 Be7 9. O-O O-O 10. Qd3 a6 11. e4 Nc5 12. Qe2 Ncxe4 13. Rd1 Rc8 14. Qc2 Nxc3 15. bxc3 b5 16. c4 Be4 17. Qe2 bxc4 18. Ne5 Bxg2 19. Kxg2 Qd5+ 20. Kg1 c5 21. Bb2 cxd4 22. Rxd4 Qb5 23. a4 Qb3 24. Nxc4 Rfd8 25. Rxd8+ Rxd8 26. Ne5 Bc5 27. Rc1 Bb6 28. Nc6 Re8 29. Bxf6 gxf6 30. Rc4 f5 31. Ne5 Rd8 32. Kg2 Qd1 33. Qxd1 Rxd1 34. Rc6 Bd4 35. Nf3 Bf6 36. Rxa6 Ra1 37. Nd2 Kg7 38. Nc4 Bd4 39. Rd6 Bc5 40. Rc6 Bd4 41. Rd6 e5 42. f4 Rxa4 43. Nxe5 Bxe5 44. fxe5 Re4 45. Rd5 Kg6 46. Kf3 f6 47. exf6 Kxf6 48. Rd7 Kg6 49. Rd6+ Kg7 50. h3 h6 51. g4 Ra4 52. gxf5 Rh4 53. Kg3 Ra4 54. Rg6+ Kh7 55. Rg4 Ra3+ 56. Kh4 Rf3 1/2-1/2


[Site "https://www.chess.com"]

[Event "Titled Tuesday Blitz August 09 Early 2022"]
[White "Seo, Jung Min"]
[Black "Shuvalova, Polina"]
[WhiteFideId "1734687"]
[BlackFideId "24171760"]
[WhiteElo "2819"]
[BlackElo "2647"]
[Result "1-0"]
[Round "03"]
[TimeControl "180+1"]
[Date "2022.08.09"]
[WhiteClock "0:01:09"]
[BlackClock "0:00:19"]

1. d4 Nf6 2. c4 e6 3. Nc3 d5 4. cxd5 Nxd5 5. e4 Nxc3 6. bxc3 c5 7. a3 cxd4 8. cxd4 Nc6 9. Nf3 a6 10. Be2 Be7 11. O-O O-O 12. Be3 b5 13. h4 Bb7 14. h5 h6 15. Bd3 Rc8 16. Qe2 Na5 17. Rfd1 Qc7 18. Ne5 Nc4 19. Rdc1 Qb8 20. Nd7 Qc7 21. Nxf8 Bxf8 22. a4 Qd7 23. axb5 axb5 24. Rab1 Nxe3 25. Qxe3 b4 26. Rxc8 Qxc8 27. Rc1 Qd7 28. Bc4 Be7 29. Qd3 Bf6 30. d5 exd5 31. Bxd5 Bc3 32. Rd1 Bc8 33. Qc4 Kh8 34. Rd3 f5 35. Bf7 1-0


[Site "https://www.chess.com"]

[Event "Titled Tuesday Blitz August 09 Early 2022"]
[White "Shuvalov, Evgenij"]
[Black "Samarth, J Rao"]
[WhiteFideId "4187237"]
[BlackFideId "46652370"]
[WhiteElo "2058"]
[BlackElo "1514"]
[Result "1-0"]
[Round "03"]
[TimeControl "180+1"]
[Date "2022.08.09"]
[WhiteClock "0:00:49"]
[BlackClock "0:00:02"]

1. Nf3 d5 2. c4 e6 3. e3 Nf6 4. b3 c5 5. Bb2 Nc6 6. cxd5 exd5 7. Bb5 a6 8. Bxc6+ bxc6 9. O-O Bd6 10. d4 O-O 11. dxc5 Bxc5 12. Nc3 Bg4 13. h3 Bh5 14. Rc1 Bd6 15. Na4 Rc8 16. Qd3 a5 17. Nd4 Bg6 18. Qa6 c5 19. Nb5 Be7 20. Rfd1 Ra8 21. Qc6 Rc8 22. Qa6 Ra8 23. Qb6 Qxb6 24. Nxb6 Rab8 25. Nxd5 Nxd5 26. Rxd5 Rxb5 27. Rd7 Bf6 28. Bxf6 gxf6 29. Rc7 a4 30. R7xc5 Rxc5 31. Rxc5 axb3 32. axb3 Rb8 33. Rc3 Bf5 34. g4 Be6 35. Kg2 Rxb3 36. Rc5 Rb2 37. Kg3 Kg7 38. Ra5 Rb1 39. Kg2 Bc8 40. e4 Bb7 41. f3 Rb2+ 42. Kg3 Rb1 43. h4 Rb6 44. Rf5 Bc8 45. Rc5 Be6 46. Kf4 Rb1 47. Rc3 Rf1 48. Kg3 Ba2 49. Kg2 Ra1 50. Ra3 Be6 51. Rxa1 1-0


[Site "https://www.chess.com"]

[Event "Titled Tuesday Blitz August 09 Early 2022"]
[White "Silvestre, Christian"]
[Black "Sellitti, Federico"]
[WhiteFideId "30956269"]
[BlackFideId "821829"]
[WhiteElo "2288"]
[BlackElo "2523"]
[Result "1-0"]
[Round "03"]
[TimeControl "180+1"]
[Date "2022.08.09"]
[WhiteClock "0:00:03"]
[BlackClock "0:00:06"]

1. e4 c5 2. Nc3 Nc6 3. f4 g6 4. Bc4 Bg7 5. d3 e6 6. Nf3 Nge7 7. Bb3 O-O 8. O-O Nd4 9. Nxd4 cxd4 10. Ne2 Nc6 11. Qe1 Na5 12. f5 Nxb3 13. axb3 d5 14. Ng3 dxe4 15. fxg6 hxg6 16. Nxe4 Bd7 17. Ng5 f6 18. Nxe6 Bxe6 19. Qxe6+ Rf7 20. Bg5 Qc8 21. Qd5 Qc6 22. Qxc6 bxc6 23. Bd2 Re8 24. Rfe1 Rfe7 25. Rxe7 Rxe7 26. Kf1 f5 27. Bb4 Rb7 28. Bc5 Rb5 29. b4 Bf8 30. Bxd4 Rxb4 31. Bc3 Rb7 32. d4 Bd6 33. h3 Kf7 34. Ke2 Ke6 35. Kd3 Kd5 36. b3 Rf7 37. Bd2 Ke6 38. c4 Rc7 39. Ra6 Kd7 40. b4 Be7 41. Bf4 Rb7 42. Be3 Bxb4 43. d5 cxd5 44. cxd5 Bd6 45. Rxa7 Rxa7 46. Bxa7 Bg3 47. Bd4 Kd6 48. Kc4 Bh2 49. Bc5+ Kd7 50. Kb5 Be5 51. Kc4 g5 52. Kd3 g4 53. hxg4 fxg4 54. Ke4 Bc7 55. Kf5 g3 56. Kg4 Bb8 57. Be3 Be5 58. Bf4 Kd6 59. Bxe5+ Kxe5 60. Kxg3 Kxd5 61. Kf4 Ke6 62. Kg5 Kf7 63. Kh6 Kf6 64. g4 Kf7 65. g5 Kg8 66. Kg6 Kh8 67. Kf7 Kh7 68. g6+ Kh6 69. g7 Kh5 70. g8=Q 1-0


[Site "https://www.chess.com"]

[Event "Titled Tuesday Blitz August 09 Early 2022"]
[White "Siva Mahadevan"]
[Black "Maksimenko, Viktor"]
[WhiteFideId "25043153"]
[BlackFideId "13710478"]
[WhiteElo "2203"]
[BlackElo "2269"]
[Result "0-1"]
[Round "03"]
[TimeControl "180+1"]
[Date "2022.08.09"]
[WhiteClock "0:01:45"]
[BlackClock "0:00:46"]

1. e4 c6 2. d4 d5 3. e5 Bf5 4. c4 e6 5. Nc3 Bb4 6. Qb3 a5 7. a3 dxc4 8. Bxc4 Bxc3+ 9. Qxc3 Nd7 10. Ne2 Ne7 11. O-O O-O 12. Ng3 Bg6 13. Bg5 Qe8 14. Rad1 Nb6 15. Bb3 a4 16. Ba2 Nbd5 17. Qf3 h6 18. Bc1 Rd8 19. h4 b5 20. h5 Bh7 21. Qg4 Kh8 22. Ne4 Nf5 23. Nc5 Rg8 24. Rfe1 g6 25. hxg6 Rxg6 26. Qh3 Qe7 27. Bb1 Rdg8 28. Be4 Rg4 29. Qd3 Qh4 30. Kf1 Nf4 31. Bxf4 Rxf4 32. Bf3 Nxd4 33. Qe3 Qh1# 0-1


[Site "https://www.chess.com"]

[Event "Titled Tuesday Blitz August 09 Early 2022"]
[White "Skawinski, Arkadiusz"]
[Black "Mahalakshmi, M"]
[WhiteFideId "1126415"]
[BlackFideId "5001080"]
[WhiteElo "2149"]
[BlackElo "2176"]
[Result "0-1"]
[Round "03"]
[TimeControl "180+1"]
[Date "2022.08.09"]
[WhiteClock "0:00:12"]
[BlackClock "0:01:19"]

1. e4 c6 2. Nf3 d5 3. Nc3 dxe4 4. Nxe4 Nf6 5. Qe2 Nxe4 6. Qxe4 Nd7 7. Bc4 e6 8. a4 Nf6 9. Qe2 Be7 10. O-O O-O 11. Ne5 Nd5 12. d4 Bf6 13. Bb3 Qc7 14. c4 Ne7 15. Bf4 Qb6 16. Qe3 Nf5 17. a5 Qxd4 18. Qxd4 Nxd4 19. Bd1 Rd8 20. Ng4 c5 21. Nxf6+ gxf6 22. Ra3 Bd7 23. Rg3+ Kh8 24. Bd6 Nf5 25. Bxc5 Nxg3 26. hxg3 Rdc8 27. b4 b6 28. axb6 axb6 29. Bxb6 Rxc4 30. Bc5 Ra1 31. Be2 Rxf1+ 32. Bxf1 Rc1 0-1


[Site "https://www.chess.com"]

[Event "Titled Tuesday Blitz August 09 Early 2022"]
[White "Smietanska, Wiktoria"]
[Black "Mouhamad, Joachim"]
[WhiteFideId "21869359"]
[BlackFideId "656410"]
[WhiteElo "1883"]
[BlackElo "2147"]
[Result "1/2-1/2"]
[Round "03"]
[TimeControl "180+1"]
[Date "2022.08.09"]
[WhiteClock "0:00:12"]
[BlackClock "0:00:11"]

1. c4 e5 2. Nc3 Nf6 3. Nf3 Nc6 4. e4 Bb4 5. d3 Bxc3+ 6. bxc3 O-O 7. g3 d6 8. Bg2 h6 9. O-O Be6 10. h3 Qd7 11. Kh2 Nh7 12. Ne1 f5 13. exf5 Bxf5 14. f4 Rae8 15. g4 Be6 16. f5 Bf7 17. Be3 b6 18. Qd2 Na5 19. Nf3 c6 20. Nh4 d5 21. cxd5 cxd5 22. Ng6 Bxg6 23. fxg6 Nf6 24. g5 hxg5 25. Bxg5 e4 26. Bxf6 Rxf6 27. Rxf6 gxf6 28. dxe4 Qc7+ 29. Kh1 dxe4 30. Qd5+ Kg7 31. Bxe4 Re5 32. Qd4 Nc6 33. Qd3 Ne7 34. Rd1 Qc8 35. Bg2 Qe6 36. Qd8 Nxg6 37. Rd7+ Kh6 38. Rd1 Re1+ 39. Rxe1 Qxe1+ 40. Kh2 Qe5+ 41. Kh1 Qxc3 42. Qd6 Qe1+ 43. Kh2 Qe5+ 44. Qxe5 fxe5 45. Bd5 Nf4 46. Bc4 Kg5 47. Kg3 Kf5 48. h4 e4 49. Bf1 e3 50. Kf3 e2 51. Bxe2 Nxe2 52. Kxe2 Kg4 53. Kd3 Kxh4 54. Kc4 Kg4 55. Kb5 Kf4 56. Ka6 Ke4 57. Kxa7 b5 58. Kb6 b4 59. Kb5 Kd5 60. Kxb4 Kc6 61. a4 Kb7 62. Kb5 Ka8 63. Ka6 1/2-1/2


[Site "https://www.chess.com"]

[Event "Titled Tuesday Blitz August 09 Early 2022"]
[White "Sohier, Julien"]
[Black "Can, Melih Kaan"]
[WhiteFideId "645346"]
[BlackFideId "6317383"]
[WhiteElo "2209"]
[BlackElo "2049"]
[Result "0-1"]
[Round "03"]
[TimeControl "180+1"]
[Date "2022.08.09"]
[WhiteClock "0:02:37"]
[BlackClock "0:02:06"]

1. e4 c5 2. Nc3 Nc6 3. Bb5 g6 4. Bxc6 dxc6 5. f4 Bg7 6. d3 Nf6 7. Nf3 O-O 8. O-O Ne8 9. Qe1 Bg4 10. Bd2 Nc7 11. Qh4 Bxf3 12. Rxf3 Ne6 13. Rh3 h5 14. f5 Nd4 15. g4 e6 16. gxh5 Qxh4 17. Rxh4 Nf3+ 0-1


[Site "https://www.chess.com"]

[Event "Titled Tuesday Blitz August 09 Early 2022"]
[White "Sokolovsky, Yahli"]
[Black "Kukreja, Sankalp"]
[WhiteFideId "2820242"]
[BlackFideId "45027676"]
[WhiteElo "1867"]
[BlackElo "2004"]
[Result "1-0"]
[Round "03"]
[TimeControl "180+1"]
[Date "2022.08.09"]
[WhiteClock "0:02:13"]
[BlackClock "0:02:23"]

1. b3 d5 2. Bb2 c5 3. e3 Nc6 4. Bb5 Nf6 5. Nf3 e6 6. d4 Be7 7. O-O O-O 8. Bxc6 bxc6 9. Ne5 Qc7 10. Nd2 Bb7 11. f4 Nd7 12. Rf3 Rfe8 13. Nxd7 Qxd7 14. dxc5 Bxc5 15. Rg3 d4 16. Ne4 Bb6 17. Nf6+ 1-0


[Site "https://www.chess.com"]

[Event "Titled Tuesday Blitz August 09 Early 2022"]
[White "Solon, Nathan"]
[Black "Kilic, Eray"]
[WhiteFideId "2017229"]
[BlackFideId "44517173"]
[WhiteElo "2639"]
[BlackElo "1776"]
[Result "1-0"]
[Round "03"]
[TimeControl "180+1"]
[Date "2022.08.09"]
[WhiteClock "0:00:16"]
[BlackClock "0:00:13"]

1. e4 e5 2. Nf3 d5 3. exd5 e4 4. Qe2 Nf6 5. d3 Bb4+ 6. c3 O-O 7. dxe4 Bc5 8. Bg5 Re8 9. Nbd2 c6 10. dxc6 bxc6 11. Qc4 Nbd7 12. O-O-O h6 13. Bh4 g5 14. Bg3 Qb6 15. h4 g4 16. Nd4 a5 17. Qb3 Bxd4 18. cxd4 Qxd4 19. Bc4 Nc5 20. Qc2 Be6 21. f3 Rad8 22. Kb1 a4 23. a3 Nd3 24. Bxe6 Rxe6 25. Nc4 Nh5 26. Bc7 Rd7 27. Bb6 c5 28. Bxc5 Qxc5 29. Rxd3 Rxd3 30. Qxd3 Nf4 31. Qd8+ Kg7 32. Rc1 Rc6 33. Qd2 Ne6 34. Ne3 Qxc1+ 35. Qxc1 Rxc1+ 36. Kxc1 gxf3 37. gxf3 Nd4 38. Nf5+ Nxf5 39. exf5 Kf6 40. b4 Kxf5 41. Kd2 Ke5 42. Ke3 Kd5 43. Kd3 h5 44. Kc3 f5 45. Kd3 Ke5 46. Ke3 Kd5 47. Kf4 Kc4 48. Kxf5 Kb3 49. b5 Kxa3 50. b6 Ka2 51. b7 a3 52. b8=Q Ka1 53. Kg5 a2 54. Qa7 Kb2 55. Qxa2+ Kxa2 56. Kxh5 1-0


[Site "https://www.chess.com"]

[Event "Titled Tuesday Blitz August 09 Early 2022"]
[White "Srihari L R"]
[Black "Malyi, Viacheslav"]
[WhiteFideId "46617116"]
[BlackFideId "14123983"]
[WhiteElo "2170"]
[BlackElo "2190"]
[Result "1-0"]
[Round "03"]
[TimeControl "180+1"]
[Date "2022.08.09"]
[WhiteClock "0:00:29"]
[BlackClock "0:00:14"]

1. c4 c5 2. Nc3 Nc6 3. g3 g6 4. Bg2 Bg7 5. Nf3 Nf6 6. O-O O-O 7. d4 cxd4 8. Nxd4 Nxd4 9. Qxd4 d6 10. b3 Be6 11. Qd3 Qa5 12. Bb2 Rab8 13. Rfd1 a6 14. Nd5 Nxd5 15. Bxg7 Kxg7 16. cxd5 Bf5 17. Qd4+ Kg8 18. e4 Bd7 19. e5 Rfc8 20. e6 fxe6 21. dxe6 Bxe6 22. Re1 Bf7 23. Rxe7 Qc3 24. Qxc3 Rxc3 25. Rxb7 Rxb7 26. Bxb7 a5 27. Rd1 Rc2 28. Rxd6 Rxa2 29. Bd5 Bxd5 30. Rxd5 a4 31. bxa4 Rxa4 32. Rd7 Rb4 33. Kg2 Ra4 34. Rb7 Rc4 35. h3 Ra4 36. f4 Ra3 37. h4 h5 38. Rb5 Kg7 39. Rg5 Kh6 40. Kf2 Rb3 41. Ke2 Ra3 42. Kd2 Rb3 43. Kc2 Rf3 44. Kd2 Ra3 45. Ke2 Rb3 46. Kf2 Ra3 47. Kg1 Rb3 48. Kh2 Ra3 49. Kh3 Rb3 50. Rc5 Ra3 51. Rc6 Kg7 52. Rb6 Rc3 53. Rb5 Kh6 54. Rb8 Ra3 55. Rf8 Rb3 56. Rf7 Ra3 57. Rb7 Rc3 58. Ra7 Rb3 59. Ra6 Kg7 60. Ra5 Rc3 61. f5 gxf5 62. Rxf5 Kg6 63. Rg5+ Kh6 64. Kg2 Rb3 65. Rf5 Rc3 66. Rg5 Rb3 67. Kf2 Rc3 68. Re5 Kg6 69. Re6+ Kg7 70. Rd6 Rb3 71. Re6 Rc3 72. Re3 Rc4 73. Kf3 Kg6 74. Re4 Rc1 75. Re6+ Kf5 76. Rh6 Rc3+ 77. Kg2 Kg4 78. Rg6+ Kf5 79. Rg5+ Kf6 80. Rxh5 Kg6 81. Rg5+ Kh6 82. Ra5 Rc4 83. Kh3 Rc1 84. Ra4 Kh5 85. Ra5+ Kg6 86. Re5 Rb1 87. h5+ Kh6 88. Kh4 Rh1+ 89. Kg4 Re1 90. Rxe1 1-0


[Site "https://www.chess.com"]

[Event "Titled Tuesday Blitz August 09 Early 2022"]
[White "Sztokbant, Bernardo Vainzoff"]
[Black "Bilych, Olexiy"]
[WhiteFideId "2115956"]
[BlackFideId "14156504"]
[WhiteElo "2209"]
[BlackElo "2157"]
[Result "1-0"]
[Round "03"]
[TimeControl "180+1"]
[Date "2022.08.09"]
[WhiteClock "0:00:06"]
[BlackClock "0:00:04"]

1. e4 e5 2. Nf3 Nc6 3. Bc4 Bc5 4. O-O Nf6 5. Re1 O-O 6. c3 d6 7. a4 a5 8. d3 h6 9. Nbd2 Be6 10. Qb3 Qd7 11. Nf1 Rfe8 12. Be3 Bxe3 13. Nxe3 Bxc4 14. Qxc4 Ne7 15. Nh4 c6 16. Qb3 d5 17. exd5 cxd5 18. Nf3 Nc6 19. Qb5 Re6 20. Ra3 Rd8 21. Rb3 Re7 22. Qc5 g6 23. h3 Kg7 24. Rb5 Qd6 25. Qxd6 Rxd6 26. Nc2 Rde6 27. Kf1 Rd7 28. Rb6 Kf8 29. Nxe5 Rxe5 30. Rxe5 Nxe5 31. Rxf6 Nxd3 32. Rb6 Ke7 33. Ke2 Ne5 34. Nd4 Nc4 35. Rb5 Kd6 36. b3 Re7+ 37. Kf3 Nd2+ 38. Kg3 Ne4+ 39. Kf3 Nxc3 40. Rxa5 b6 41. Ra6 Kc5 42. Nc2 Re2 43. b4+ Kc4 44. Ne3+ Kb3 45. Rxb6 d4 46. Nd5 Nxd5 47. Kxe2 Nxb6 48. a5 Nc8 49. Kd3 Kxb4 50. a6 Kb5 51. Kxd4 Na7 52. Ke5 Nc6+ 53. Kf6 Nd8 54. a7 1-0


[Site "https://www.chess.com"]

[Event "Titled Tuesday Blitz August 09 Early 2022"]
[White "Taboas Rodriguez, Daniel"]
[Black "Sailer, Mike"]
[WhiteFideId "2208466"]
[BlackFideId "2012901"]
[WhiteElo "2429"]
[BlackElo "2109"]
[Result "0-1"]
[Round "03"]
[TimeControl "180+1"]
[Date "2022.08.09"]
[WhiteClock "0:00:15"]
[BlackClock "0:00:09"]

1. d4 d5 2. Nf3 Bf5 3. c4 e6 4. Nc3 Nc6 5. Bf4 Bb4 6. e3 Nf6 7. a3 Bxc3+ 8. bxc3 Ne4 9. Qc1 Na5 10. Qb2 dxc4 11. Ne5 Nb3 12. Rd1 b5 13. f3 Nd6 14. e4 Bg6 15. a4 a6 16. Be2 O-O 17. O-O Qe8 18. Bg3 f6 19. Ng4 f5 20. exf5 exf5 21. Ne5 f4 22. Bh4 Nf5 23. Bf2 Rd8 24. Nxc4 Nbxd4 25. cxd4 bxc4 26. Bxc4+ Kh8 27. a5 Qc6 28. Bd3 Ne3 29. Bxe3 fxe3 30. Bxg6 Qxg6 31. Rde1 Rfe8 32. Qc3 Qe6 33. Re2 Rd7 34. Rfe1 Rde7 35. Rxe3 Qxe3+ 36. Rxe3 Rxe3 37. Qxc7 h6 38. Qc6 Rd8 39. d5 Rd3 40. Qxa6 R3xd5 41. Qb6 Ra8 42. a6 Rd1+ 43. Kf2 Ra1 44. h4 R1xa6 45. Qb7 Ra2+ 46. Kg3 R2a7 47. Qc6 Ra6 48. Qe4 Ra4 49. Qe7 R4a7 50. Qe6 Ra6 51. Qh3 Ra3 52. Qf5 R3a5 53. Qh3 Ra3 54. Kh2 Ra2 55. Qf5 R2a5 56. Qd3 Ra3 57. Qd6 R3a6 58. Qg3 Ra3 59. Kh3 R3a4 60. Qh2 Ra3 61. Qf4 R3a4 62. Qd2 Ra2 63. Qd1 Ra1 64. Qd7 R1a7 65. Qg4 Ra4 66. Qg6 R4a6 67. Qg3 Ra3 68. Qh2 Ra2 69. Kg3 R2a3 70. Qh3 Ra2 71. Qg4 R2a4 72. Qg6 R4a6 73. Qg4 Ra4 74. f4 Ra3+ 75. Kh2 Ra2 76. Kh3 R2a3+ 77. g3 R3a4 78. Qf5 R4a5 79. Qg6 R5a6 80. Qh5 Ra5 81. Qg6 R5a6 82. Qg4 Ra4 83. h5 R4a5 84. Kh4 Rb5 85. Qd7 Rba5 86. g4 R5a7 87. Qe7 Rxe7 0-1


[Site "https://www.chess.com"]

[Event "Titled Tuesday Blitz August 09 Early 2022"]
[White "Terrieux, Kevin"]
[Black "Locci, Damiano"]
[WhiteFideId "622591"]
[BlackFideId "819751"]
[WhiteElo "2461"]
[BlackElo "2445"]
[Result "1-0"]
[Round "03"]
[TimeControl "180+1"]
[Date "2022.08.09"]
[WhiteClock "0:01:20"]
[BlackClock "0:00:05"]

1. d4 d5 2. e4 e6 3. Nc3 Bb4 4. a3 Bxc3+ 5. bxc3 dxe4 6. Qg4 Nf6 7. Qxg7 Rg8 8. Qh6 Rg6 9. Qd2 b6 10. Ne2 Bb7 11. Nf4 Rg8 12. Bb5+ c6 13. Bc4 Qe7 14. O-O Nbd7 15. a4 O-O-O 16. a5 Ne5 17. Qe2 Nf3+ 18. Kh1 Nxh2 19. Kxh2 Ng4+ 20. Kh1 Qh4+ 21. Nh3 c5 22. Ba6 f5 23. axb6 axb6 24. Bf4 e5 25. dxe5 e3 26. Bxb7+ Kxb7 27. Qf3+ Kc7 28. e6+ 1-0


[Site "https://www.chess.com"]

[Event "Titled Tuesday Blitz August 09 Early 2022"]
[White "Tica, Sven"]
[Black "Ramirez Vido, Robert Yorisan"]
[WhiteFideId "14526948"]
[BlackFideId "3513823"]
[WhiteElo "2350"]
[BlackElo "2417"]
[Result "1-0"]
[Round "03"]
[TimeControl "180+1"]
[Date "2022.08.09"]
[WhiteClock "0:00:39"]
[BlackClock "0:00:16"]

1. e4 d6 2. d4 Nf6 3. f3 c6 4. Be3 g6 5. Qd2 Nbd7 6. h4 h5 7. Nh3 Bg7 8. Ng5 b5 9. a4 bxa4 10. Rxa4 Nb6 11. Ra1 Qc7 12. Nc3 O-O 13. Be2 e5 14. dxe5 dxe5 15. Bc5 Rd8 16. Qe3 Nfd7 17. Be7 Re8 18. Ba3 Nf8 19. Rd1 Ne6 20. Bd6 Qb7 21. Nxe6 Bxe6 22. b3 Rad8 23. O-O Nc8 24. Bc5 Bf6 25. g3 Rxd1 26. Rxd1 Rd8 27. Ra1 Rd7 28. Ba6 Qc7 29. Bxc8 Qxc8 30. Rxa7 Rxa7 31. Bxa7 Qa6 32. Bc5 Bh3 33. Qd3 Qa1+ 34. Nd1 g5 35. hxg5 Bxg5 36. Kh2 Be6 37. Be3 Bf6 38. Nf2 h4 39. g4 Qe1 40. Qd2 Qf1 41. Bg5 h3 42. Nxh3 Bg7 43. Qg2 Qd1 44. Be3 Bf8 45. Ng5 Bd7 46. Qh3 Qe2+ 47. Kg3 Bg7 48. Qh7+ Kf8 49. Bc5+ Ke8 50. Qg8+ 1-0


[Site "https://www.chess.com"]

[Event "Titled Tuesday Blitz August 09 Early 2022"]
[White "Tomb, Maroun"]
[Black "Nazari, Arad"]
[WhiteFideId "5300398"]
[BlackFideId "12577324"]
[WhiteElo "2545"]
[BlackElo "2129"]
[Result "0-1"]
[Round "03"]
[TimeControl "180+1"]
[Date "2022.08.09"]
[WhiteClock "0:00:29"]
[BlackClock "0:00:27"]

1. e4 c5 2. Ne2 Nf6 3. Nbc3 d6 4. g3 g6 5. Bg2 Bg7 6. d4 cxd4 7. Nxd4 O-O 8. O-O Nc6 9. Nde2 Bd7 10. a4 Rc8 11. h3 a6 12. Nd5 Ne5 13. Ra2 Bc6 14. b3 b5 15. axb5 axb5 16. Nd4 Ned7 17. Nxf6+ Bxf6 18. Nxc6 Rxc6 19. e5 Nxe5 20. Bxc6 Nxc6 21. Bh6 Re8 22. Qd2 Qc8 23. Kh2 Nd4 24. Qd3 Qc6 25. f4 Rc8 26. Rf2 Ne6 27. f5 Nc5 28. Qe3 Ne4 29. fxg6 hxg6 30. Rg2 Nc3 31. Ra1 Nd5 32. Qa7 Bxa1 33. Qxa1 e5 34. Qf1 Qd7 35. Qf3 Qe6 36. Rd2 e4 37. Qe2 Kh7 38. Bg5 Rc3 39. Qxb5 Qe5 40. Bf4 Nxf4 41. Qxe5 dxe5 42. gxf4 exf4 43. b4 f5 44. b5 e3 45. b6 exd2 46. b7 d1=Q 47. b8=Q Rxc2# 0-1


[Site "https://www.chess.com"]

[Event "Titled Tuesday Blitz August 09 Early 2022"]
[White "Unat, Can Haktan"]
[Black "Goltsev, Dmitry"]
[WhiteFideId "6398073"]
[BlackFideId "24176710"]
[WhiteElo "1971"]
[BlackElo "2258"]
[Result "0-1"]
[Round "03"]
[TimeControl "180+1"]
[Date "2022.08.09"]
[WhiteClock "0:00:34"]
[BlackClock "0:00:55"]

1. e4 e6 2. d4 d5 3. Nc3 Nf6 4. e5 Nfd7 5. f4 c5 6. Nf3 Nc6 7. a3 a6 8. Be2 b5 9. Be3 cxd4 10. Nxd4 Nxd4 11. Bxd4 Bc5 12. O-O Qb6 13. Bxc5 Qxc5+ 14. Kh1 g6 15. Qd3 h5 16. Rad1 Bb7 17. Ne4 Qc6 18. Nd6+ Kf8 19. Qg3 h4 20. Qh3 Kg7 21. Bd3 Rh5 22. Bxg6 fxg6 23. Qxe6 Rf8 24. Qe7+ Kg8 25. e6 Nf6 26. Nxb7 h3 27. gxh3 Rxh3 28. Rd3 Rh7 29. Qd6 Qxc2 30. Rg3 Qxh2# 0-1


[Site "https://www.chess.com"]

[Event "Titled Tuesday Blitz August 09 Early 2022"]
[White "Vagman, Roy"]
[Black "Matveeva, Olga"]
[WhiteFideId "2828995"]
[BlackFideId "24107018"]
[WhiteElo "1956"]
[BlackElo "2052"]
[Result "1-0"]
[Round "03"]
[TimeControl "180+1"]
[Date "2022.08.09"]
[WhiteClock "0:00:10"]
[BlackClock "0:00:04"]

1. Nf3 Nf6 2. g3 e6 3. Bg2 d5 4. O-O Be7 5. d3 O-O 6. Nc3 c5 7. e4 Nc6 8. e5 Nd7 9. Qe2 a6 10. h4 b5 11. Bf4 Bb7 12. Rad1 b4 13. Nb1 a5 14. Nbd2 a4 15. Nh2 Nd4 16. Qg4 Re8 17. c3 bxc3 18. bxc3 Nf5 19. Ne4 dxe4 20. dxe4 Nd4 21. cxd4 cxd4 22. Rxd4 Qc7 23. Rc1 Nc5 24. h5 Red8 25. Rdc4 Qa5 26. Bg5 Bf8 27. Bxd8 Rxd8 28. h6 g6 29. Qf4 Nd3 30. Qf6 Nxc1 31. Rxc1 Qd2 32. Rb1 Ba6 33. Nf3 Qd7 34. Ng5 Bxh6 35. Nxf7 Qxf7 36. Qxd8+ Kg7 37. f4 Be2 38. Rc1 1-0


[Site "https://www.chess.com"]

[Event "Titled Tuesday Blitz August 09 Early 2022"]
[White "Vasques, Antonio Pedro Freixial"]
[Black "Boyer, Mahel"]
[WhiteFideId "1908332"]
[BlackFideId "45102422"]
[WhiteElo "2243"]
[BlackElo "2454"]
[Result "0-1"]
[Round "03"]
[TimeControl "180+1"]
[Date "2022.08.09"]
[WhiteClock "0:00:01"]
[BlackClock "0:00:12"]

1. e4 e5 2. Nf3 Nc6 3. Bc4 Nf6 4. d3 h6 5. Nbd2 g6 6. Nf1 Bg7 7. Ne3 O-O 8. O-O d6 9. a3 Be6 10. Ba2 Bxa2 11. Rxa2 d5 12. exd5 Nxd5 13. Re1 f5 14. Nc4 Re8 15. h3 Qd7 16. Bd2 a5 17. Bc3 Nxc3 18. bxc3 e4 19. dxe4 Qxd1 20. Rxd1 Rxe4 21. Ncd2 Re2 22. Kf1 Rae8 23. Rb2 b6 24. Nc4 Bxc3 25. Rb3 Rxc2 26. Ne3 a4 27. Rxb6 cxb6 0-1


[Site "https://www.chess.com"]

[Event "Titled Tuesday Blitz August 09 Early 2022"]
[White "Vasquez Schroeder, Rodrigo"]
[Black "Musovic, Armin"]
[WhiteFideId "3400042"]
[BlackFideId "939935"]
[WhiteElo "2567"]
[BlackElo "2255"]
[Result "1-0"]
[Round "03"]
[TimeControl "180+1"]
[Date "2022.08.09"]
[WhiteClock "0:00:53"]
[BlackClock "0:01:05"]

1. e4 c6 2. d4 d5 3. exd5 cxd5 4. Bd3 Nc6 5. c3 Nf6 6. Bf4 a6 7. h3 h6 8. Nf3 g5 9. Bh2 g4 10. hxg4 Bxg4 11. Nbd2 e6 12. a4 Bd6 13. Bxd6 Qxd6 14. Qb3 O-O-O 15. Qa3 Qf4 16. g3 Qc7 17. Kf1 e5 18. dxe5 Nxe5 19. Nxe5 Qxe5 20. Qc5+ Kb8 21. Re1 Qg5 22. Qe3 Qxe3 23. fxe3 h5 24. Kg2 Rhg8 25. Nb3 Nd7 26. Nd4 Ne5 27. Be2 Rde8 28. Bxg4 Nxg4 29. Kf3 Nf6 30. Ne2 Re5 31. Rd1 Rge8 32. Rd3 Ne4 33. b4 Rf5+ 34. Nf4 Rg8 35. Rxh5 Rxg3+ 36. Ke2 Rxh5 37. Nxh5 Rg2+ 38. Kf1 Ra2 39. a5 Rc2 40. Rxd5 Rh2 41. Nf4 Nxc3 42. Rd7 Rb2 43. Rd8+ Ka7 44. Rd3 Rb1+ 45. Kf2 Ne4+ 46. Kf3 f5 47. Nd5 Rb2 48. Kf4 Nd6 49. Ke5 Nc4+ 50. Kxf5 Rf2+ 51. Ke6 b5 52. axb6+ Nxb6 53. Nxb6 Kxb6 54. Rd4 Kb5 55. e4 Rb2 56. e5 Rxb4 57. Rxb4+ Kxb4 58. Kf7 a5 59. e6 a4 60. e7 a3 61. e8=Q a2 62. Qe5 a1=Q 63. Qxa1 1-0


[Site "https://www.chess.com"]

[Event "Titled Tuesday Blitz August 09 Early 2022"]
[White "Veiga, Jose Francisco R P Neves"]
[Black "Wagner, Dennis"]
[WhiteFideId "1930087"]
[BlackFideId "24650684"]
[WhiteElo "2273"]
[BlackElo "2355"]
[Result "0-1"]
[Round "03"]
[TimeControl "180+1"]
[Date "2022.08.09"]
[WhiteClock "0:00:44"]
[BlackClock "0:00:21"]

1. e4 c5 2. Nf3 d6 3. Bb5+ Nd7 4. d4 cxd4 5. Nxd4 Nf6 6. Nc3 g6 7. O-O Bg7 8. Re1 O-O 9. Bg5 a6 10. Bf1 Nc5 11. Nd5 Ncxe4 12. Rxe4 Nxd5 13. c4 Nf6 14. Re1 e5 15. Nc2 Be6 16. Ne3 Rc8 17. Rc1 Qb6 18. b3 Ne4 19. Bh4 Bh6 20. Rc2 Bxe3 21. Rxe3 f5 22. Qe1 g5 23. Rxe4 fxe4 24. Bxg5 d5 25. Be7 Rf5 26. c5 Qc6 27. Qe3 d4 28. Qg3+ Kf7 29. Bd6 Rg8 30. Qh4 Rfg5 31. Qxh7+ R8g7 32. Qh8 Qe8 33. Qh4 Bd5 34. Re2 Qg8 35. Qh3 Be6 36. Qh4 Rxg2+ 37. Bxg2 Rxg2+ 0-1


[Site "https://www.chess.com"]

[Event "Titled Tuesday Blitz August 09 Early 2022"]
[White "Vlassov, Nikolai"]
[Black "Legenia, Artem"]
[WhiteFideId "4103360"]
[BlackFideId "14136945"]
[WhiteElo "2324"]
[BlackElo "1936"]
[Result "1-0"]
[Round "03"]
[TimeControl "180+1"]
[Date "2022.08.09"]
[WhiteClock "0:00:16"]
[BlackClock "0:00:34"]

1. e4 e5 2. Bc4 Nc6 3. f4 Bc5 4. Nf3 Nf6 5. Nc3 d6 6. f5 Nd4 7. d3 h6 8. Na4 Nxf3+ 9. Qxf3 Bb6 10. Nxb6 axb6 11. O-O O-O 12. g4 Nh7 13. Qg3 c6 14. Bb3 Kh8 15. h4 f6 16. g5 fxg5 17. hxg5 Nxg5 18. Bxg5 Qxg5 19. Qxg5 hxg5 20. Kg2 d5 21. exd5 Rxf5 22. Rh1+ Kg8 23. dxc6+ Kf8 24. Rh8+ Ke7 25. Rah1 bxc6 26. R1h7 Kf6 27. Rg8 Bb7 28. Rgxg7 Ba6 29. Rf7+ Kg6 30. Rhg7+ Kh6 31. Rxf5 Kxg7 32. Rxe5 Kf6 33. Re6+ Kf5 34. Kg3 Rc8 35. Rd6 b5 36. Be6+ Ke5 37. Bxc8 1-0


[Site "https://www.chess.com"]